cohdb
Replays
Latest Replays
All Replays
Popular Replays
Top Player Replays
Match Explorer
How It Works
Community
CoH3 Stats
Reddit
Sign in to upload your games and track your stats! →
Sign in with Steam
Match 35892149
Unlisted
Match 35892149
Overview
Messages
Build Orders
End
Royal Engineer Section
Construct Section Command Post
Infantry Section
Infantry Section
Infantry Section
Construct Platoon Command Post
Humber Armored Car
Infantry Training
6-pounder Anti-tank Gun Team
Construct Field Infirmary
Selects Heavy Armor Battlegroup
Selects Rigorous Vehicle Training
Selects Crusader AA Medium Tank
Vickers Machine Gun Team
Selects UNKNOWN (2162094)
Construct Company Command Post
6-pounder Anti-tank Gun Team
Selects Light Vehicle Withdraw and Refit
Selects Radio Net
Foot Guards Section
Selects Recon Artillery
DibbeTC
Morsezeichen
0
0
Comments
sign in to comment!
No comments posted yet!